 Dungeon Crawl Stone Soup version 0.24.1-1-gd1d2a07e1b (webtiles) character file.

Game seed: 17109926390321769707, levelgen mode: deterministic

177 Doot the Ruffian (level 5, -7/46 HPs)
             Began as a Ghoul Monk on Apr 8, 2020.
             Was an Elder of Ru.
             Mangled by an ogre
             ... wielding a +0 giant club
              (20 damage)
             ... on level 4 of the Dungeon.
             The game lasted 00:07:23 (2741 turns).

Doot the Ruffian (Ghoul Monk)                       Turns: 2741, Time: 00:07:23

Health: -7/46      AC:  2    Str: 16    XL:     5   Next: 57%
Magic:  4/4        EV: 13    Int:  5    God:    Ru [****..]
Gold:   191        SH:  0    Dex: 11    Spells: 4/4 levels left

rFire    . . .     SeeInvis .     - Unarmed
rCold    + . .     Gourm    .   (shield unavailable)
rNeg     + + +     Faith    .   a - +0 robe
rPois    ∞         Spirit   .   (no helmet)
rElec    .         Reflect  .   (no cloak)
rCorr    .         Harm     .   (no gloves)
MR       .....                  (no boots)
Stlth    ++........             (no amulet)
HPRegen  0.00/turn              (ring unavailable)
MPRegen  0.09/turn              k - ring of flight

@: rotting
A: rotting body, claws 1, carnivore, cold resistance 1, negative energy
resistance 3, inhibited regeneration, torment resistance, unbreathing, missing a
hand, no earth magic, no hexes magic, no summoning magic
a: Draw Out Power, Power Leap, Renounce Religion, Evoke Flight


You were on level 4 of the Dungeon.
You worshipped Ru.
Ru was greatly pleased with you.
You were not hungry.

You visited 1 branch of the dungeon, and saw 4 of its levels.

You collected 191 gold pieces.

Inventory:

Armour
 a - a +0 robe (worn)
Jewellery
 k - a ring of flight (right claw)
 n - an uncursed ring of ice {unknown}
Wands
 p - a wand of polymorph (11)
Scrolls
 c - 4 scrolls of identify {unknown}
 e - 2 scrolls of amnesia {unknown}
 f - a scroll of remove curse {unknown}
 g - a scroll of fog {unknown}
 h - a scroll of magic mapping {unknown}
 i - a scroll of enchant armour {unknown}
 j - 2 scrolls of immolation {unknown}
 l - a scroll of enchant weapon {unknown}
 r - a scroll of teleportation {unknown}
Potions
 m - 2 potions of brilliance {unknown}
 o - a potion of curing {unknown}
 q - 4 potions of heal wounds {unknown}
Comestibles
 b - 6 rations
 d - a chunk of flesh


   Skills:
 + Level 3.9 Fighting
 + Level 3.3 Dodging
 + Level 3.4 Stealth
 + Level 5.2 Unarmed Combat


You had 4 spell levels left.
You didn't know any spells.
Your spell library was empty.

Dungeon Overview and Level Annotations

Branches:
Dungeon (4/15)
 Temple: D:4-7

Altars:
Ashenzari
Cheibriados
Dithmenos
Fedhas
Qazlal
Ru


Innate Abilities, Weirdness & Mutations

Your body is rotting away.
You thrive on raw meat.
You are immune to poison.
You have sharp fingernails.
You are carnivorous and can eat meat at any time.
Your flesh is cold resistant. (rC+)
You are immune to negative energy. (rN+++)
You do not regenerate when monsters are visible.
You are immune to unholy pain and torment.
You can survive without breathing.
You are missing a hand.
You cannot study or cast Earth magic.
You cannot study or cast Hexes magic.
You cannot study or cast Summoning magic.


Message History

The ogre hits you but does no damage.
A quokka comes into view.
You scratch the ogre.
The ogre is lightly wounded.
The ogre hits you with a +0 giant club!
You barely miss the ogre.
The ogre is lightly wounded.
You completely miss the ogre.
The ogre is lightly wounded.
The ogre closely misses you.
You scratch the ogre.
The ogre is moderately wounded.
The ogre hits you with a +0 giant club!!
Ouch! That really hurt!
* * * LOW HITPOINT WARNING * * *
You are too injured to fight recklessly!
Eat one of 2 chunks of flesh? (ye/n/q)
You eat one of the 2 chunks of flesh.
This raw flesh tastes great!
The ogre hits you with a +0 giant club!!
You die...

#<#........ ########
#.#........ #......#
#.......... #......#
####....... # #......#
###....... ..##......#
#.'....... ..........#
#.#.......
..........#####.##+#####
.....rO@....)..........
......#####...#.......#
.#... #..........##.#
#.. #.#...###...# #.
#.##..# .#.# # . #..#
##... .. ...# .. .. ....


You could see an ogre and a quokka.

Vanquished Creatures
  3 adders
  4 gnolls (D:3)
  2 oozes (D:2)
  4 worms
  4 dart slugs
  4 leopard geckos
  2 orcs
  3 giant cockroaches
  7 goblins
  15 hobgoblins
  4 jackals (D:2)
  4 kobolds
  2 ball pythons (D:1)
  10 bats
  6 frilled lizards
  7 rats
81 creatures vanquished.

Vanquished Creatures (others)
  A goblin (D:2)
1 creature vanquished.

Grand Total: 82 creatures vanquished

Notes
Turn   | Place    | Note
-------+----------+-------------------------------------------
     0 | D:1      | Doot the Ghoul Monk began the quest for the Orb.
     0 | D:1      | Reached XP level 1. HP: 19/19 MP: 0/0
   139 | D:2      | Found a sacrificial altar of Ru.
   140 | D:2      | Found a shattered altar of Ashenzari.
   142 | D:2      | Found a shadowy altar of Dithmenos.
   142 | D:2      | Found a stormy altar of Qazlal.
   143 | D:2      | Found a snail-covered altar of Cheibriados.
   146 | D:2      | Became a worshipper of Ru the Awakened
   149 | D:2      | Reached XP level 2. HP: 25/25 MP: 1/1
   256 | D:1      | Gained mutation: You are missing a hand. [Ru sacrifice]
   256 | D:1      | Reached * piety under Ru
   256 | D:1      | Reached ** piety under Ru
   256 | D:1      | Reached *** piety under Ru
   345 | D:1      | Reached XP level 3. HP: 31/31 MP: 2/2
   760 | D:2      | Reached skill level 4 in Unarmed Combat
  1104 | D:2      | Reached XP level 4. HP: 23/40 MP: 3/3
  1246 | D:2      | Found a sacrificial altar of Ru.
  1282 | D:2      | Found a faded altar of an unknown god.
  1573 | D:2      | Found a blossoming altar of Fedhas.
  2167 | D:3      | Reached XP level 5. HP: 28/46 MP: 4/4
  2178 | D:3      | Gained mutation: You cannot study or cast Earth magic. [Ru
                  | sacrifice]
  2178 | D:3      | Gained mutation: You cannot study or cast Hexes magic. [Ru
                  | sacrifice]
  2178 | D:3      | Gained mutation: You cannot study or cast Summoning magic.
                  | [Ru sacrifice]
  2178 | D:3      | Reached **** piety under Ru
  2195 | D:3      | Reached skill level 5 in Unarmed Combat
  2733 | D:4      | Noticed an ogre
  2741 | D:4      | Mangled by an ogre

Levels and vault maps discovered:
D:1:      dpeg_arrival_pond, layout_loops_ring
D:2:      cheibrodos_greedy_goblins, layout_loops_ring, fedhas_altar_2,
          grunt_temple_overflow_open, chequers_ecumenical_altar_lobes,
          roderic_lattice_a, nicolae_ru_the_path_less_chosen
D:3:      layout_basic, kennysheep_nub
D:4:      layout_basic, serial_curves, eino_curves_02, eino_curves_04,
          kennysheep_decorative_pillar, uniq_blork_the_orc, uniq_edmund

Skill      XL: |  1  2  3  4  5 |
---------------+----------------+-----
Dodging        | 3 |  3.3
Unarmed Combat | 4 5 |  5.2
Stealth        | 3 |  3.4
Fighting       | |  3.9

Action                   |  1- 3 |  4- 6 || total
-------------------------+-------+-------++-------
Melee: Unarmed           |    79 |   148 ||   227
Invok: Sacrifice a Hand  |     1 |       ||     1
       Sacrifice Arcana  |       |     1 ||     1
 Stab: Sleeping          |     4 |     8 ||    12
       Distracted        |     1 |       ||     1
       Invisible         |       |     2 ||     2
  Eat: Chunk             |     4 |    16 ||    20
Armor: Robe              |    13 |     7 ||    20
Dodge: Dodged            |    51 |    80 ||   131
